AoeStats
← Phill chung long

Arena

510805688Analyzed
1v1 RM · 16h ago on Oct 2, 2026· 40m 30s· 2 players
Game mode
Random Map
Map size
Tiny (2 player)
Population
200
Speed
Normal
Resources
Standard
Victory
Conquest
Starting age
Dark Age
Ending age
Imperial Age
RankedLock teamsTeams togetherTeam positionsShared explorationLock speedFull tech treeHidden civsTurbo modeCheats
Victory
Defeat
🇲🇽 Maya · Mexico
701
+14
🇵🇪 Khmer · Peru
647
-23
Phill chung long
10:05 Feudal Age
15:34 Castle Age
17:06 Double-Bit Axe
23:15 Gold Mining
24:45 Loom
25:36 Wheelbarrow
28:52 Bloodlines
28:43 Husbandry
29:17 Scale Barding Armor
29:04 Fletching
29:14 Padded Archer Armor
33:52 Imperial Age
31:40 Hand Cart
31:11 Town Watch
35:48 Bow Saw
35:14 Pikeman
38:21 Gold Shaft Mining
38:22 Chain Barding Armor
37:24 Halberdier
Travis Ro
12:31 Feudal Age
14:02 Double-Bit Axe
16:20 Castle Age
14:16 Horse Collar
15:12 Gold Mining
22:11 Loom
22:40 Loom
23:36 Heavy Plow
25:32 Wheelbarrow
26:37 Hand Cart
26:47 Bow Saw
31:47 Imperial Age
30:30 Forging
30:21 Scale Mail Armor
29:46 Eagle Warrior
30:27 Squires
31:48 Iron Casting
31:47 Fletching
32:05 Arson
32:01 Sappers
32:51 Conscription
32:48 Elite Eagle Warrior
34:40 Blast Furnace
33:55 Chain Mail Armor
35:36 Holcans
Connection lost

Rejoining the realm…

Still unreachable

The connection could not be restored.

Session expired

The server has moved on; the page needs a fresh start.